 Dungeon Crawl Stone Soup version 0.29.0-4-gdea44cf6ec (webtiles) character file.

Game seed: 2789092370793799032

9 Zeldest the Sneak (level 2, 0/24 HPs)
             Began as a Mummy Delver on Aug 27, 2022.
             Slain by an adder (3 damage)
             ... on level 6 of the Dungeon.
             The game lasted 00:00:47 (95 turns).

Zeldest the Sneak (Mummy Delver)                      Turns: 95, Time: 00:00:48

Health: 0/24       AC:  3    Str: 15    XL:     2   Next: 6%
Magic:  2/2        EV: 11    Int:  9    God:
Gold:   0          SH:  0    Dex: 13    Spells: 1/1 levels left

rFire   x . .      SeeInvis .   a - +0 hand axe
rCold   + . .      Faith    .   (no shield)
rNeg    + + +      Spirit   .   b - +0 leather armour
rPois   ∞          Reflect  .   (no helmet)
rElec   .          Harm     .   (no cloak)
rCorr   .          Rampage  .   (no gloves)
Will    .....                   (no boots)
Stlth   ++........              (no amulet)
HPRegen 0.08/turn               (no ring)
MPRegen 0.08/turn               (no ring)

@: no status effects
A: cold resistance 1, negative energy resistance 3, torment resistance 2, heat
vulnerability 1, no potions
a: no special abilities


You were on level 6 of the Dungeon.
You visited 1 branch of the dungeon, and saw 2 of its levels.

Inventory:

Hand Weapons
 a - a +0 hand axe (weapon)
Armour
 b - a +0 leather armour (worn)
Jewellery
 d - an amulet of regeneration
Wands
 f - a wand of digging (3)
Scrolls
 c - a scroll of fog
 e - a scroll of fear


   Skills:
 + Level 3.2 Fighting
 * Level 2.1 Axes
 - Level 1.5 Dodging
 - Level 4.1 Stealth


You had one spell level left.
You didn't know any spells.
Your spell library was empty.

Dungeon Overview and Level Annotations

Branches:
Dungeon (6/15)
 Temple: D:4-7

Altars:
Ashenzari
Kikubaaqudgha
Makhleb
Qazlal
Wu Jian
Xom

Annotations:
D:6 Duvessa, Menkaure


Innate Abilities, Weirdness & Mutations

You are immune to poison.
Your flesh is cold resistant. (rC+)
You are immune to negative energy. (rN+++)
You are immune to unholy pain and torment.
You are vulnerable to heat. (rF-)
You do not drink.


Message History

The adder bites you.
Found a fuming golden potion.
The adder bites you.
You hit the plant.
The plant begins to die.
The plant is lightly damaged.
You closely miss the adder. You hit Duvessa but do no damage.
You completely miss the plant. The adder closely misses you.
Duvessa closely misses you.
A jelly comes into view.
The adder attacks as you move away! The adder misses you.
The adder closely misses you.
A nearby plant withers and dies.
The jelly hits you but does no damage. The adder attacks as you move away!
The adder bites you. The adder barely misses you.
You see here an amulet of regeneration.
The adder bites you.
Keep equipping yourself?
The jelly hits you but does no damage.
Duvessa hits the plant with a +0 short sword!
The plant begins to die.
You start putting on your amulet.
You continue putting on your amulet of regeneration.
The adder bites you.
Duvessa hits the plant with a +0 short sword.
The jelly misses you. The adder bites you but does no damage.
You continue putting on your amulet of regeneration.
The adder bites you. The jelly closely misses you.
Duvessa hits the plant with a +0 short sword.
You continue putting on your amulet of regeneration.
The adder bites you but does no damage. The jelly hits you but does no damage.
Duvessa hits the plant with a +0 short sword!
You continue putting on your amulet of regeneration.
A nearby plant withers and dies.
The adder barely misses you. The jelly closely misses you.
You continue putting on your amulet of regeneration.
The adder closely misses you. The jelly hits you.
You are splashed with acid!
* * * LOW HITPOINT WARNING * * *
Duvessa barely misses you. The adder bites you.
You die...

***********,,,,
*,,,,,,,,,,,,*,
*.#********,,,>
*.####*****,,,,
##########.#...,,,,,,***
#.....!........,,,,,,*
#.P.PPPPP.P..#**,,,,.###
#.P.......P..# #....M...
#.P.P..@P.P..# #....,***
#.P.P.JSe.P..# #.....###
#.P.P.?.P.P..# #.#.#....
*#.P.......P..# #.#.#####
*..P.PPPPP....###.#.#
*...................#####
*............!...........
*################.####†##
#........


You could see Duvessa, a jelly and an adder.

Vanquished Creatures
  An adder (D:6)
1 creature vanquished.

Vanquished Creatures (others)
  2 plants (D:6)
2 creatures vanquished.

Grand Total: 3 creatures vanquished

Notes
Turn   | Place    | Note
-------+----------+-------------------------------------------
     0 | D:5      | Zeldest the Mummy Delver began the quest for the Orb.
     0 | D:5      | Reached XP level 1. HP: 18/18 MP: 1/1
    16 | D:5      | Noticed a hound
    23 | D:5      | Found a shimmering altar of Xom.
    23 | D:5      | Found an ornate altar of the Wu Jian Council.
    24 | D:5      | Found an ancient bone altar of Kikubaaqudgha.
    26 | D:5      | Found a burning altar of Makhleb.
    27 | D:5      | Noticed a scorpion
    40 | D:5      | Noticed an orc wizard
    41 | D:5      | Noticed an orc priest
    55 | D:6      | Noticed Menkaure
    56 | D:6      | Found a broken altar of Ashenzari.
    71 | D:6      | Reached XP level 2. HP: 23/24 MP: 2/2
    73 | D:6      | Noticed Duvessa
    80 | D:6      | Found a stormy altar of Qazlal.
    95 | D:6      | Slain by an adder

Illustrated notes

Levels and vault maps discovered:
D:5:      layout_gridville, grunt_temple_overflow_open,
          minmay_temple_entry_hall, dk_noncrumbling_4, minmay_misc_feat_hallway
D:6:      layout_loops_ring, mainiacjoe_overflow_cross_hatched,
          ashenzari_altar_1, uniq_menkaure, uniq_duvessa

Skill      XL: |  1 |
---------------+----+-----
Axes           | 2 |  2.1
Fighting       | |  3.2
Dodging        | |  1.5
Stealth        | |  4.1

Action                   || total
-------------------------++-------
Melee: Hand axe          ||     6
  Use: Scroll            ||     1
 Stab: Sleeping          ||     1
Armor: Leather armour    ||     8
Dodge: Dodged            ||    14
